 Dungeon Crawl Stone Soup version 0.29-a0-360-g8ed1089bbe (webtiles) character file.

Game seed: 12267259652559815884

553 ytrimaz the Covered (level 7, -1/54 HPs)
             Began as a Demonspawn Fighter on Apr 28, 2022.
             Slain by Menkaure (10 damage)
             ... on level 4 of the Dungeon.
             The game lasted 00:05:24 (4837 turns).

ytrimaz the Covered (Demonspawn Fighter)            Turns: 4837, Time: 00:05:25

Health: -1/54      AC: 10    Str: 18    XL:     7   Next: 8%
Magic:  7/7        EV: 10    Int:  9    God:
Gold:   235        SH:  5    Dex: 13    Spells: 6/6 levels left

rFire   . . .      SeeInvis +   b - +2 dagger (elec)
rCold   . . .      Faith    .   c - +0 buckler
rNeg    + . .      Spirit   .   k - +2 ring mail {rPois}
rPois   +          Reflect  .   (no helmet)
rElec   .          Harm     .   (no cloak)
rCorr   .          Rampage  .   (no gloves)
Will    .....                   (no boots)
Stlth   +.........              (no amulet)
HPRegen 0.18/turn               i - ring of positive energy
MPRegen 0.10/turn               n - ring of see invisible

@: no status effects
A: icy blue scales 1, demonic magic 1, weakness stinger 1
a: no special abilities


You were on level 4 of the Dungeon.
You visited 1 branch of the dungeon, and saw 4 of its levels.

You collected 235 gold pieces.

Inventory:

Hand Weapons
 a - a +0 rapier
 b - a +2 dagger of electrocution (weapon)
Armour
 c - a +0 buckler (worn)
 k - a +2 ring mail of poison resistance (worn)
Jewellery
 i - a ring of positive energy (left hand)
 n - a ring of see invisible (right hand)
Wands
 j - a wand of acid (9)
Scrolls
 h - 3 scrolls of fear
 o - a scroll of summoning
Potions
 d - 2 potions of might
 e - 3 potions of attraction
 f - a potion of heal wounds {unknown}
 g - 6 potions of curing
 l - a potion of berserk rage
 m - a potion of brilliance {unknown}


   Skills:
 + Level 4.0 Fighting
 + Level 4.4 Short Blades
 + Level 4.7 Armour
 * Level 3.9 Shields


You had 6 spell levels left.
You didn't know any spells.
Your spell library contained the following spells:

 Spells                   Type           Power      Damage    Failure   Level
 Ensorcelled Hibernation  Hex/Ice        0%         N/A       80%         2
 Portal Projectile        Hex/Tloc       0%         N/A       95%         3
 Spider Form              Tmut/Pois      0%         N/A       95%         3
 Tukima's Dance           Hex            0%         N/A       95%         3
 Anguish                  Hex/Necr       0%         N/A       100%        4
 Blade Hands              Tmut           0%         N/A       100%        5
 Excruciating Wounds      Necr           0%         N/A       100%        5
 Enfeeble                 Hex            0%         N/A       100%        7


Dungeon Overview and Level Annotations

Branches:
Dungeon (4/15)
 Temple: D:4-7

Altars:

Shops:
D:1 (

Annotations:
D:4 Menkaure


Innate Abilities, Weirdness & Mutations

You are partially covered in icy blue scales. (AC +2)
Spells you cast may paralyse adjacent enemies.
You have a small tail.


Message History

You hit Menkaure. You tail-slap Menkaure.
Menkaure is moderately damaged.
The gnoll hits you but does no damage. Menkaure hits you!
You barely miss Menkaure.
Your tail-slap misses Menkaure.
Menkaure is moderately damaged.
The gnoll closely misses you. Menkaure hits you!
You are too injured to fight recklessly!
You are too injured to fight recklessly!
You are too injured to fight recklessly!
You are too injured to fight recklessly!
You are too injured to fight recklessly!
You are too injured to fight recklessly!
You are too injured to fight recklessly!
Unknown command.
You barely miss Menkaure.
Menkaure is moderately damaged.
Menkaure closely misses you.
The gnoll hits you from afar with a +0 spear.
You hit Menkaure but do no damage.
Menkaure is moderately damaged.
Menkaure hits you! The gnoll hits you but does no damage.
You hit Menkaure.
Menkaure is heavily damaged.
Menkaure hits you but does no damage.
The gnoll hits you from afar with a +0 spear.
* * * LOW HITPOINT WARNING * * *
You barely miss Menkaure. You tail-slap Menkaure.
Menkaure is severely damaged.
Menkaure barely misses you.
Unknown command.
You hit Menkaure.
Menkaure is severely damaged.
You block the gnoll's attack.
Menkaure calls on the powers of darkness!
Your body is wracked with pain!
* * * LOW HITPOINT WARNING * * *
You barely miss Menkaure. You tail-slap Menkaure.
Menkaure is almost destroyed.
You block the gnoll's attack. Menkaure hits you!
You die...

.#.#.##..'..##...##.#...#
.#.#.##.##⌠..##.#####..##
.#.#.##.###...####
.#[#.##.# ##..⌠#.#
.....##.# #.<.#..
........# ##.)⌠#.##
........###...##..
..#.###..#⌠..###M# .#
#.#)# #..'..## #@###....
#.#)###.##⌠#####.)g....#
#.#.#....###..##.###...#
#.#....................#
#.........#.#...........
...............##.......
...............# .#...#.
...............##.#...#
................#.#.....


You could see Menkaure (fast) and a gnoll (resistant).

Vanquished Creatures
  Edmund (D:4)
  A sky beast (D:4)
  An ogre (D:4)
  A jelly (D:3)
  An iguana (D:4)
  An orc wizard (D:3)
  Robin (D:4)
  5 gnolls
  3 adders
  A white imp (D:3)
  7 orcs (D:3)
  5 ball pythons
  5 bats
  5 endoplasms
  6 giant cockroaches
  8 hobgoblins
  3 jackals (D:3)
  3 quokkas (D:1)
  3 frilled lizards
  15 goblins
  8 kobolds
  9 rats
93 creatures vanquished.

Notes
Turn   | Place    | Note
-------+----------+-------------------------------------------
     0 | D:1      | ytrimaz the Demonspawn Fighter began the quest for the Orb.
     0 | D:1      | Reached XP level 1. HP: 18/18 MP: 1/1
    47 | D:1      | Found a faded altar of an unknown god.
   128 | D:1      | Found Hoebet's Weapon Shop.
   200 | D:1      | Gained mutation: Spells you cast may paralyse adjacent
                  | enemies. [demonic ancestry]
   200 | D:1      | Reached XP level 2. HP: 24/24 MP: 2/2
  1107 | D:2      | Gained mutation: You have a small tail. [demonic ancestry]
  1107 | D:2      | Reached XP level 3. HP: 29/29 MP: 3/3
  2162 | D:3      | Gained mutation: You are partially covered in icy blue
                  | scales. (AC +2) [demonic ancestry]
  2162 | D:3      | Reached XP level 4. HP: 22/35 MP: 4/4
  3409 | D:3      | Reached XP level 5. HP: 41/41 MP: 5/5
  3900 | D:4      | Noticed Edmund
  3929 | D:4      | Killed Edmund
  3930 | D:4      | Reached XP level 6. HP: 48/48 MP: 6/6
  4027 | D:4      | Noticed Robin
  4064 | D:4      | Killed Robin
  4297 | D:4      | Noticed a sky beast
  4325 | D:4      | Killed a sky beast
  4532 | D:4      | Reached XP level 7. HP: 54/54 MP: 7/7
  4820 | D:4      | Noticed Menkaure
  4837 | D:4      | Slain by Menkaure

Illustrated notes

Levels and vault maps discovered:
D:1:      dpeg_arrival_pond, layout_loops_ring,
          chequers_ecumenical_altar_twisty, serial_shops,
          nicolae_shop_hallway_stairs, grunt_decor_mini_mirrors,
          minmay_pentomino_o2
D:2:      layout_basic
D:3:      layout_loops_ring, kennysheep_generic_room_10
D:4:      layout_basic, grunt_ministairs_8, serial_bayou_lagoon_b, uniq_edmund,
          uniq_robin, uniq_menkaure

Skill      XL: |  1  2  3  4  5  6 |
---------------+-------------------+-----
Short Blades   | 2 3 4 |  4.4
Armour         | 3 4 |  4.7
Shields        | 3 |  3.9
Fighting       | 4 |  4.0

Action                   |  1- 3 |  4- 6 |  7- 9 || total
-------------------------+-------+-------+-------++-------
Melee: Rapier            |   105 |       |       ||   105
       Dagger            |     9 |   203 |    20 ||   232
       Tailslap          |     5 |    19 |     4 ||    28
  Use: Scroll            |     7 |     3 |       ||    10
       Potion            |       |     1 |       ||     1
Armor: Scale mail        |    60 |       |       ||    60
       Ring mail         |     4 |    84 |    10 ||    98
Dodge: Dodged            |    48 |   111 |     8 ||   167
Block: Buckler           |    19 |    37 |     4 ||    60

Table legend: (Time is in decaauts)
 A = Elapsed time spent in this place.
 B = Non-inter-level travel time spent in this place.
 C = Inter-level travel time spent in this place.
 D = Time resting spent in this place.
 E = Time spent auto-exploring this place.
 F = Levels seen in this place.
 G = Mean time per level.
                   A        B        C        D        E       F      G
               +--------+--------+--------+--------+--------+-----+--------+
         Total |   4839 |   4757 |     82 |    364 |   3666 |   4 | 1209.8 |
       Dungeon |   4839 |   4757 |     82 |    364 |   3666 |   4 | 1209.8 |
               +--------+--------+--------+--------+--------+-----+--------+

Top non-repeatable levels by time:
     D:3: 1645 daAuts
     D:2: 1090 daAuts
     D:4: 1052 daAuts
     D:1: 1051 daAuts
